 Dungeon Crawl Stone Soup version 0.23.2-33-g5129a83184 (webtiles) character file.

Game seed: 9121284694662936483

968 Feetnoise the Skirmisher (level 8, -7/69 HPs)
             Began as a Hill Orc Fighter on July 5, 2019.
             Mangled by a tentacled starspawn (24 damage)
             ... on level 1 of the Abyss on July 8, 2019.
             The game lasted 00:49:04 (6269 turns).

Feetnoise the Skirmisher (Hill Orc Fighter)         Turns: 6269, Time: 00:49:05

Health: -7/69      AC: 15    Str: 21    XL:     8   Next: 15%
Magic:  8/8        EV:  3    Int:  8    God:
Gold:   177        SH: 10    Dex: 10    Spells: 7/7 levels left

rFire    . . .     SeeInvis .   a - +2 flail (holy)
rCold    . . .     Gourm    .   c - +0 shield
rNeg     . . .     Faith    .   b - +4 chain mail
rPois    .         Spirit   .   k - +0 helmet
rElec    .         Reflect  .   (no cloak)
rCorr    +         Harm     .   (no gloves)
MR       .....                  (no boots)
Stlth    ..........             (no amulet)
HPRegen  0.21/turn              r - ring of resist corrosion
MPRegen  0.11/turn              (no ring)

@: constricted
A: no striking features
a: no special abilities


You were on level 1 of the Abyss.
You were not hungry.

You visited 1 branch of the dungeon, and saw 5 of its levels.
You visited the Abyss 1 time.

You collected 177 gold pieces.

Inventory:

Hand Weapons
 a - a +2 flail of holy wrath (weapon)
 u - a +0 broad axe
Armour
 b - a +4 chain mail (worn)
 c - a +0 shield (worn)
 h - a +0 chain mail
 k - a +0 helmet (worn)
 t - a +0 buckler
Jewellery
 i - a cursed +4 ring of protection
 r - a ring of resist corrosion (left hand)
Scrolls
 d - 2 scrolls of identify
 g - a scroll of teleportation {unknown}
 j - 2 scrolls of noise {unknown}
 l - 2 scrolls of enchant weapon {unknown}
 n - 3 scrolls of enchant armour {unknown}
 q - 3 scrolls of amnesia
 x - 2 scrolls of blinking {unknown}
Potions
 o - 2 potions of haste {unknown}
 p - 4 potions of lignification {unknown}
 s - 3 potions of degeneration {unknown}
 w - a potion of agility {unknown}
 z - a potion of mutation {unknown}
Comestibles
 f - 5 rations


   Skills:
 + Level 5.5 Fighting
 + Level 4.1(5.9) Axes
 + Level 2.7(3.5) Maces & Flails
   Level 4.4(5.0) Polearms
 + Level 5.4 Armour
 + Level 2.1 Dodging
 + Level 0.6 Stealth
 + Level 5.0 Shields


You had 7 spell levels left.
You didn't know any spells.
Your spell library was empty.

Dungeon Overview and Level Annotations

Branches:
Dungeon (5/15)
 Temple: D:4-7

Altars:
Makhleb
Ru
Sif Muna
Trog
Uskayaw
Vehumet
Yredelemnul
Zin

Shops:
D:4 =

Annotations:
D:5 1 transporter, Statics's ghost, novice OpFi


Message History

The starspawn tentacle grabs you. The starspawn tentacle constricts you.
You hit the tentacled starspawn.
The starspawn tentacle loses its grip on you.
The tentacled starspawn is moderately damaged.
The tentacled starspawn barely misses you.
The tentacled starspawn engulfs you but does no damage.
You block the starspawn tentacle's attack.
You hit the tentacled starspawn.
The tentacled starspawn is heavily damaged.
You block the tentacled starspawn's attack.
The tentacled starspawn engulfs you!
* * * LOW HITPOINT WARNING * * *
You block the starspawn tentacle's attack.
The starspawn tentacle grabs you. The starspawn tentacle constricts you.
The starspawn tentacle loses its grip on you.
The tentacle pulls you backwards!
It was a potion of cancellation.
You feel magically purged. The starspawn tentacle grabs you.
The starspawn tentacle constricts you. The tentacled starspawn bites you!!
You die...

#. #.
###.###
#.....# #
#.....###
.#.#.....#
#
..#ยง.....#
..#...wXw#
. ##...@.#
#........#
#..#.....#
.. ###.###
. #. #.# ##
#.# ... ...


You could see a tentacled starspawn and 2 starspawn tentacles.

Vanquished Creatures
  Edmund (D:5)
  2 phantoms
  A centaur (D:5)
  A crimson imp (D:5)
  A hound (D:5)
  2 centaur skeletons
  A bullfrog zombie (D:5)
  A bullfrog skeleton (D:5)
  2 orc priests (D:5)
  3 orc wizards
  An iguana (D:5)
  3 worker ants (D:5)
  A hound skeleton (D:2)
  A howler monkey zombie (D:5)
  4 adders
  An ooze (D:2)
  2 worms
  4 dart slugs
  6 leopard geckos
  12 orcs
  5 giant cockroaches
  2 gnoll zombies (D:2)
  5 goblins
  7 hobgoblins
  A quokka (D:2)
  2 ball pythons
  8 bats
  6 frilled lizards
  A jackal zombie (D:5)
  3 kobolds
  5 rats
95 creatures vanquished.

Notes
Turn   | Place    | Note
-------+----------+-------------------------------------------
     0 | D:1      | Feetnoise the Hill Orc Fighter began the quest for the Orb.
     0 | D:1      | Reached XP level 1. HP: 19/19 MP: 1/1
   209 | D:1      | Reached XP level 2. HP: 18/27 MP: 2/2
   484 | D:1      | Reached XP level 3. HP: 28/33 MP: 3/3
  1440 | D:2      | Found a basalt altar of Yredelemnul.
  1906 | D:2      | Reached XP level 4. HP: 35/40 MP: 4/4
  2367 | D:3      | Found a deep blue altar of Sif Muna.
  2802 | D:3      | Reached skill level 1 in Dodging
  2802 | D:3      | Reached XP level 5. HP: 47/47 MP: 5/5
  3284 | D:3      | Found a bloodstained altar of Trog.
  3363 | D:4      | Found Feag's Jewellery Boutique.
  3448 | D:4      | Noticed a phantom
  3499 | D:4      | Killed a phantom
  3625 | D:4      | Reached XP level 6. HP: 37/53 MP: 6/6
  4090 | D:4      | Found a sacrificial altar of Ru.
  4465 | D:5      | Entered Level 5 of the Dungeon
  4650 | D:5      | Reached skill level 5 in Fighting
  4650 | D:5      | Reached skill level 1 in Axes
  4669 | D:5      | Reached XP level 7. HP: 42/61 MP: 7/7
  4698 | D:5      | Noticed Edmund
  4715 | D:5      | Killed Edmund
  4809 | D:5      | Noticed Statics's ghost (novice OpFi)
  4840 | D:5      | Identified the cursed +1 dire flail of Ubraybam {distort,
                  | -Tele Dex+4 SInv}
  4841 | D:5      | Found a transporter.
  4845 | D:5      | Found a transporter.
  5217 | D:5      | Found a glowing silver altar of Zin.
  5416 | D:5      | Reached skill level 1 in Maces & Flails
  5416 | D:5      | Reached skill level 5 in Armour
  5416 | D:5      | Reached skill level 5 in Shields
  5477 | D:5      | Reached XP level 8. HP: 60/69 MP: 8/8
  5695 | D:5      | Found a hide-covered altar of Uskayaw.
  5849 | D:5      | Found a radiant altar of Vehumet.
  5849 | D:5      | Found a burning altar of Makhleb.
  6033 | D:5      | Cast into level 1 of the Abyss (ogre)
  6034 | Abyss:1  | Found a corrupted altar of Lugonu.
  6255 | Abyss:1  | Noticed a tentacled starspawn
  6269 | Abyss:1  | Mangled by a tentacled starspawn

Skill      XL: |  1  2  3  4  5  6  7 |
---------------+----------------------+-----
Fighting       | 4 5 |  5.5
Polearms       | 3 4 |  4.4
Shields        | 4 5 |  5.0
Dodging        | 1 2 |  2.1
Armour         | 4 5 |  5.4
Axes           | 1 4 |  4.1
Maces & Flails | 2 |  2.7
Stealth        | |  0.6

Action                   |  1- 3 |  4- 6 |  7- 9 || total
-------------------------+-------+-------+-------++-------
Melee: Trident           |   162 |   147 |       ||   309
       Broad axe         |       |    26 |    15 ||    41
       Flail             |       |       |   101 ||   101
  Use: Scroll            |       |     6 |     1 ||     7
       Potion            |       |     3 |     1 ||     4
  Eat: Ration            |     1 |     3 |     1 ||     5
       Chunk             |       |       |     1 ||     1
Armor: Scale mail        |    89 |    57 |       ||   146
       Chain mail        |       |    24 |    60 ||    84
Dodge: Dodged            |    54 |    62 |    25 ||   141
Block: Shield            |    86 |    85 |    53 ||   224
